 Dungeon Crawl Stone Soup version 0.20.0-15-g7f486f2 (webtiles) character file.

56846 Monsterracer the Devastator (level 14, -2/73 HPs)
             Began as a Deep Elf Wizard on June 18, 2017.
             Was a High Priest of Vehumet.
             Slain by Snorg (17 damage)
             ... on level 1 of the Orcish Mines on June 19, 2017.
             The game lasted 01:58:58 (23381 turns).

Monsterracer the Devastator (Deep Elf Wizard)      Turns: 23381, Time: 01:58:59

Health: -2/73      AC: 19    Str:  5    XL:     14   Next: 43%
Magic:  20/33      EV:  9    Int: 39    God:    Vehumet [*****.]
Gold:   1079       SH:  5    Dex: 16    Spells: 8/39 levels left

rFire    + + +     SeeInvis .   A - +7 hand crossbow "Ewareme" {penet, rC+ Int+6}
rCold    + + +     Gourm    .   E - +0 buckler
rNeg     . . .     Faith    .   q - +0 scale mail "Fobumefo" {rPois rF+++ Int+3 Slay-4}
rPois    +         Spirit   .   b - +1 hat
rElec    +         Reflect  .   H - +0 cloak
rCorr    .         Harm     .   v - +2 pair of gloves {Dex+3}
MR       +....                  u - +2 pair of boots
Stlth    +.........             (no amulet)
Regen    0.3/turn               n - ring of protection from cold
MPRegen  0.3/turn               p - +2 ring of intelligence

@: very slightly contaminated
A: beak, iridescent scales 1, slimy green scales 1, cold resistance 1, frail 1,
screaming 1, electricity resistance, evolution 1
a: Renounce Religion


You were on level 1 of the Orcish Mines.
You worshipped Vehumet.
Vehumet was extremely pleased with you.
You were not hungry.

You visited 3 branches of the dungeon, and saw 19 of its levels.
You also visited: Labyrinth.

You collected 1257 gold pieces.
You spent 178 gold pieces at shops.

Inventory:

Hand Weapons
 A - the +7 hand crossbow "Ewareme" (weapon) {penet, rC+ Int+6}
   (You found it on level 9 of the Dungeon)

   Ammo fired by it will pass through the targets it hits, potentially hitting
   all targets in its path until it reaches maximum range.
   It affects your intelligence (+6).
   It protects you from cold.
 L - the +10 war axe "Nussiuss" {chop, Str+4}
   (You found it on level 2 of the Lair of Beasts)

   It inflicts extra damage upon your enemies.
   It affects your strength (+4).
 P - the +8 halberd of the End of Times {chop, rElec rC+}
   (You found it on level 6 of the Lair of Beasts)

   It inflicts extra damage upon your enemies.
   It protects you from cold.
   It insulates you from electricity.
Missiles
 s - 90 bolts (quivered)
Armour
 b - a +1 hat (worn)
 q - the +0 scale mail "Fobumefo" (worn) {rPois rF+++ Int+3 Slay-4}
   (You found it on level 10 of the Dungeon)

   It affects your intelligence (+3).
   It affects your accuracy and damage with ranged weapons and melee attacks
   (-4).
   It renders you almost immune to fire.
   It protects you from poison.
 u - a +2 pair of boots (worn)
 v - a +2 pair of gloves of dexterity (worn)
 E - a +0 buckler (worn)
 H - a +0 cloak (worn)
Jewellery
 n - a ring of protection from cold (left hand)
 o - the ring "Kidixae" {*Corrode rPois rC+ Dex+4 SInv}
   (You found it on level 6 of the Dungeon)

   [ring of protection from cold]

   It affects your dexterity (+4).
   It protects you from cold.
   It protects you from poison.
   It lets you see invisible.
   It may corrode you when you take damage.
 p - a +2 ring of intelligence (right hand)
 N - an uncursed ring of poison resistance
Wands
 t - a wand of digging (15/24)
 x - a wand of iceblast (6/15)
 K - a wand of digging (15/24)
Scrolls
 e - 6 scrolls of teleportation
 f - 4 scrolls of recharging
 i - 2 scrolls of fog
 j - 7 scrolls of identify
 k - a scroll of fear
 y - 2 scrolls of blinking
 z - 4 scrolls of remove curse
 B - a scroll of enchant weapon
Potions
 a - 2 potions of agility
 c - 5 potions of curing
 l - a potion of invisibility
 m - 3 potions of mutation
 r - 2 potions of might
 D - a potion of berserk rage
 F - 2 potions of heal wounds
 G - 2 potions of flight
Comestibles
 d - 18 bread rations
 g - 7 meat rations
 h - 15 fruits
 w - 14 royal jellies
 C - 2 chunks of flesh


   Skills:
 + Level 7.6 Fighting
 + Level 4.4 Armour
 - Level 8.0 Dodging
 - Level 2.4 Stealth
 - Level 4.0 Shields
 + Level 13.0 Spellcasting
 * Level 15.5 Conjurations
 + Level 9.6 Hexes
 - Level 6.0 Charms
 - Level 1.1 Summonings
 - Level 1.1 Translocations
 - Level 5.0 Fire Magic
 + Level 9.2 Air Magic


You had 8 spell levels left.
You knew the following spells:

 Your Spells              Type           Power        Failure   Level  Hunger
a - Magic Dart            Conj           ####         1%          1    None
b - Conjure Flame         Conj/Fire      #######.     1%          3    None
c - Fulminant Prism       Conj/Hex       #######...   1%          4    None
d - Flame Tongue          Conj/Fire      #####        1%          1    None
e - Blink                 Tloc           N/A          24%         2    None
f - Iskenderun's Battles  Conj/Chrm      #######.     2%          5    None
g - Airstrike             Air            #######...   1%          4    None
h - Static Discharge      Conj/Air       #######.     1%          3    None
i - Mephitic Cloud        Conj/Pois/Air  ######..     1%          3    None
j - Apportation           Tloc           ####..       16%         1    None
k - Swiftness             Chrm/Air       ######..     1%          2    None
l - Call Imp              Summ           ####....     24%         2    None


Dungeon Overview and Level Annotations

Branches:
Dungeon (12/15)            Temple (0/1) D:5            Lair (6/6) D:11
  Swamp (0/4) Lair:2       Spider (0/4) Lair:2        Slime (0/5) Lair:5
    Orc (1/2) D:10

Altars:
Ashenzari
Elyvilon
Fedhas
Kikubaaqudgha
Nemelex Xobeh
Qazlal
Trog
Uskayaw
Vehumet
Xom
Yredelemnul
The Shining One
Jiyva

Shops:
D:6 *=:   D:9 }

Annotations:
Orc:1 Snorg


Innate Abilities, Weirdness & Mutations

You have a beak for a mouth.
You are partially covered in iridescent scales. (AC +2)
You are partially covered in slimy green scales. (AC +2)
Your flesh is cold resistant. (rC+)
You are frail. (-10% HP)
You occasionally shout uncontrollably at your foes.
You are resistant to electric shocks. (rElec)
You evolve.


Message History

An orc warrior comes into view. It is wielding a scimitar.
Huge Dmg: -28%(-21hp) hp: 72%(52hp)
Casting: Iskenderun's Battlesphere
Confirm with . or Enter, or press ? or * to list all spells.
Okay, then.
Casting: Iskenderun's Battlesphere
Confirm with . or Enter, or press ? or * to list all spells.
You miscast Blink.
You are very lightly contaminated with residual magic.
You catch a glimpse of the back of your own head.
Snorg bites you!!
* * * LOW HITPOINT WARNING * * *
You block Snorg's attack. Snorg closely misses you.
Huge Dmg: -28%(-20hp) hp: 44%(32hp)
Casting: Blink
Confirm with . or Enter, or press ? or * to list all spells.
You blink.
Snorg bites you!
* * * LOW HITPOINT WARNING * * *
Snorg closely misses you. Snorg claws you!
You die...

#.. . #..
.$..##....
....#....
.........
..[[..[..
#.......##
.....[..@##
...[...T*.#
...#.[ยง..#
. ##...##
#...o#
#......
#.....[.
#.....#...
...#.###..


You could see Snorg (berserk), an orc warrior and a friendly battlesphere.

Vanquished Creatures
  A minotaur (Lab)
  A rakshasa (D:11)
  Fannar (D:11)
  Josephine (D:12)
  8 hydras
  A catoblepas (Lair:6)
  A two-headed ogre (D:11)
  8 death yaks
  A deep troll shaman (Lair:6)
  Sonja (Lair:4)
  The ghost of Hook the Nimble, a novice MfTm of Makhleb (D:7)
  An unseen horror (D:12)
  The ghost of ThereIsNoGod the Geomancer, a novice SpEE of Sif Muna (D:8)
  The ghost of Nr616 the Cleaver, a novice MiFi (D:5)
  A deep elf mage (D:12)
  A wolf spider (D:12)
  A lindwurm (Lair:6)
  3 ugly things
  A black mamba (Lair:2)
  10 elephants
  8 spiny frogs
  Psyche (D:10)
  A torpor snail (Lair:3)
  2 kobold demonologists
  2 rime drakes
  A demonic crawler (Lair:2)
  6 komodo dragons
  A queen bee (D:11)
  A troll (D:12)
  4 blink frogs
  7 hippogriffs
  7 dream sheep (Lair:6)
  A shadow (D:11)
  A redback (Lab)
  4 wraiths (D:12)
  A tarantella (Lair:2)
  2 wyverns (D:9)
  44 yaks
  A steam dragon (D:10)
  4 vampire mosquitoes (D:12)
  4 hungry ghosts (Lab)
  2 basilisks
  A warg (D:10)
  2 soldier ants
  18 water moccasins
  2 hell hounds (D:11)
  5 orc warriors
  13 porcupines
  3 sky beasts
  4 ice beasts
  A necrophage (D:6)
  4 black bears
  6 ogres
  A phantom (D:6)
  4 centaurs
  10 crocodiles
  12 wolves
  A gnoll sergeant (D:6)
  23 bullfrogs
  5 big kobolds
  An earth elemental (Lab)
  5 scorpions
  40 killer bees
  16 wights
  A howler monkey (D:6)
  A bullfrog zombie (D:9)
  2 centaur zombies
  5 hounds
  A water moccasin simulacrum (D:8)
  3 jellies
  A quasit (D:11)
  9 orc priests
  A bullfrog skeleton (D:9)
  5 iguanas
  Natasha (thrice) (D:3 D:5)
  12 orc wizards
  13 worker ants
  A killer bee zombie (D:8)
  2 hound zombies
  2 worker ant zombies
  9 gnolls
  A howler monkey skeleton (D:9)
  11 adders
  2 shadow imps
  3 white imps (D:8)
  An ufetubus (D:8)
  5 adder zombies
  An adder skeleton (D:3)
  5 worms
  5 dart slugs
  7 leopard geckos
  49 orcs
  A ball python (D:4)
  9 giant cockroaches
  6 goblins
  7 hobgoblins
  3 jackals (D:9)
  15 kobolds
  4 quokkas
  A ball python zombie (D:3)
  7 bats
  10 frilled lizards
  A giant cockroach zombie (D:6)
  A leopard gecko skeleton (D:6)
  5 rats
558 creatures vanquished.

Vanquished Creatures (others)
  A bush (Lair:6)
  63 fulminant prisms
  6 fungi
  16 plants (Lair:6)
86 creatures vanquished.

Grand Total: 644 creatures vanquished

Notes
Turn   | Place    | Note
-------+----------+-------------------------------------------
     0 | D:1      | Monsterracer the Deep Elf Wizard began the quest for the Orb.
     0 | D:1      | Reached XP level 1. HP: 10/10 MP: 7/7
   185 | D:1      | Reached skill level 2 in Conjurations
   216 | D:1      | Reached XP level 2. HP: 15/15 MP: 0/9
   220 | D:1      | Learned a level 2 spell: Blink
   729 | D:1      | Reached skill level 3 in Conjurations
   773 | D:1      | Found a shattered altar of Ashenzari.
   938 | D:2      | Reached XP level 3. HP: 13/19 MP: 3/10
   944 | D:2      | Learned a level 3 spell: Conjure Flame
   948 | D:2      | Learned a level 3 spell: Mephitic Cloud
  1308 | D:2      | Reached skill level 4 in Conjurations
  1535 | D:2      | Reached XP level 4. HP: 24/24 MP: 8/12
  2000 | D:2      | Learned a level 2 spell: Call Imp
  2013 | D:3      | Reached skill level 5 in Conjurations
  2531 | D:3      | Reached XP level 5. HP: 27/28 MP: 7/13
  2581 | D:3      | Noticed Natasha
  2588 | D:3      | Killed Natasha
  2652 | D:3      | Found a radiant altar of Vehumet.
  2659 | D:3      | Became a worshipper of Vehumet
  2671 | D:3      | Found a glowing golden altar of the Shining One.
  2672 | D:3      | Found a blossoming altar of Fedhas.
  2673 | D:3      | Found a basalt altar of Yredelemnul.
  2673 | D:3      | Found a hide-covered altar of Uskayaw.
  2676 | D:3      | Found a sparkling altar of Nemelex Xobeh.
  2676 | D:3      | Found a white marble altar of Elyvilon.
  2688 | D:3      | Learned a level 1 spell: Apportation
  2798 | D:3      | Reached skill level 6 in Conjurations
  3033 | D:3      | Gained mutation: You evolve. [potion of mutation]
  3033 | D:3      | Gained mutation: You are partially covered in iridescent scales. (AC +2) [potion of mutation]
  3033 | D:3      | Gained mutation: You expend magic power (3 MP) to strengthen your wands. [potion of mutation]
  3033 | D:3      | Gained mutation: Your flesh is cold resistant. (rC+) [potion of mutation]
  3207 | D:3      | Reached skill level 5 in Spellcasting
  3422 | D:3      | Reached XP level 6. HP: 18/32 MP: 8/15
  3460 | D:3      | Reached * piety under Vehumet
  3460 | D:3      | Offered knowledge of Flame Tongue by Vehumet.
  3463 | D:3      | Learned a level 1 spell: Flame Tongue
  3801 | D:3      | Reached skill level 1 in Fire Magic
  4357 | D:4      | Reached skill level 7 in Conjurations
  4357 | D:4      | Reached XP level 7. HP: 22/36 MP: 9/17
  4483 | D:4      | Gained mutation: You are resistant to electric shocks. (rElec) [evolution]
  5148 | D:5      | Entered Level 5 of the Dungeon
  5256 | D:5      | Noticed Nr616's ghost (novice MiFi)
  5274 | D:5      | Killed Nr616's ghost
  5274 | D:5      | Reached skill level 8 in Conjurations
  5274 | D:5      | Reached XP level 8. HP: 31/41 MP: 7/19
  5301 | D:5      | Lost mutation: You expend magic power (3 MP) to strengthen your wands. [evolution]
  5559 | D:5      | Reached skill level 5 in Fire Magic
  5590 | D:5      | Noticed Natasha
  5594 | D:5      | Killed Natasha
  5703 | D:5      | Noticed Natasha
  5707 | D:5      | Killed Natasha
  5799 | D:5      | Offered knowledge of Shock by Vehumet.
  5813 | D:5      | Found a staircase to the Ecumenical Temple.
  5909 | D:6      | Reached skill level 1 in Fighting
  5947 | D:6      | Got a twitching granite ring
  5954 | D:6      | Got an ominously black robe
  5958 | D:6      | Identified the ring "Kidixae" {*Corrode rPois rC+ Dex+4 SInv} (You found it on level 6 of the Dungeon)
  5964 | D:6      | Reached ** piety under Vehumet
  6201 | D:6      | Found Setz's Jewellery Emporium.
  6240 | D:6      | Found Cig Evah's Assorted Antiques.
  6245 | D:6      | Bought a pair of embroidered gloves for 157 gold pieces
  6284 | D:6      | Found Kowarru's Book Shoppe.
  6370 | D:6      | Reached skill level 9 in Conjurations
  6392 | D:6      | Found a stormy altar of Qazlal.
  6405 | D:6      | Found an ancient bone altar of Kikubaaqudgha.
  6408 | D:6      | Found a bloodstained altar of Trog.
  6617 | D:6      | Gained mutation: You expend magic power (3 MP) to strengthen your wands. [evolution]
  6754 | D:7      | Reached XP level 9. HP: 48/48 MP: 16/22
  6831 | D:7      | Noticed Hook's ghost (novice MfTm)
  6839 | D:7      | Killed Hook's ghost
  6839 | D:7      | Reached skill level 5 in Dodging
  6839 | D:7      | Reached skill level 10 in Conjurations
  7110 | D:8      | Learned a level 2 spell: Swiftness
  7114 | D:8      | Learned a level 3 spell: Static Discharge
  7119 | D:8      | Learned a level 4 spell: Airstrike
  7328 | D:8      | Reached skill level 1 in Air Magic
  8080 | D:6      | Bought a scroll labeled ALOESI DOIHA for 21 gold pieces
  8093 | D:6      | Identified the +2 robe of the Dwarven Hall {Str+4 Int-2 Dex+4} (You found it on level 6 of the Dungeon)
  8365 | D:8      | Noticed ThereIsNoGod's ghost (novice SpEE)
  8371 | D:8      | Killed ThereIsNoGod's ghost
  8371 | D:8      | Reached XP level 10. HP: 44/56 MP: 8/24
  8567 | D:8      | Offered knowledge of Inner Flame by Vehumet.
  8665 | D:8      | Found a shimmering altar of Xom.
  8680 | D:8      | Reached skill level 11 in Conjurations
  8781 | D:8      | Gained mutation: You have a beak for a mouth. [evolution]
  9085 | D:8      | Reached *** piety under Vehumet
  9436 | D:9      | Noticed a rust devil
  9458 | D:9      | Offered knowledge of Fulminant Prism by Vehumet.
  9498 | D:9      | Learned a level 4 spell: Fulminant Prism
 10166 | D:9      | Found Enimoc's Gadget Shoppe.
 10180 | D:9      | Identified the +7 hand crossbow "Ewareme" {penet, rC+ Int+6} (You found it on level 9 of the Dungeon)
 10225 | D:9      | Lost mutation: You expend magic power (3 MP) to strengthen your wands. [evolution]
 10542 | D:10     | Entered Level 10 of the Dungeon
 10565 | D:10     | Reached skill level 5 in Air Magic
 10611 | D:10     | Identified the cursed +0 scale mail "Fobumefo" {rPois rF+++ Int+3 Slay-4} (You found it on level 10 of the Dungeon)
 10644 | D:10     | Reached skill level 1 in Hexes
 10737 | D:10     | Reached **** piety under Vehumet
 10838 | D:10     | Found a staircase to the Orcish Mines.
 10855 | D:10     | Offered knowledge of Irradiate by Vehumet.
 11328 | D:10     | Reached XP level 11. HP: 62/62 MP: 15/26
 11433 | D:10     | Noticed Psyche
 11466 | D:10     | Killed Psyche
 11626 | D:10     | Identified a scroll of acquirement
 11715 | D:10     | Reached skill level 1 in Armour
 12155 | D:10     | Reached skill level 12 in Conjurations
 12421 | D:11     | Noticed a brown ugly thing
 12428 | D:11     | Killed a brown ugly thing
 12462 | D:11     | Reached skill level 10 in Spellcasting
 12714 | D:11     | Noticed a green ugly thing
 12715 | D:11     | Noticed Fannar
 12724 | D:11     | Killed a green ugly thing
 12730 | D:11     | Killed Fannar
 12730 | D:11     | Reached skill level 5 in Hexes
 12869 | D:11     | Noticed a two-headed ogre
 12887 | D:11     | Killed a two-headed ogre
 12990 | D:11     | Noticed a five-headed hydra
 12994 | D:11     | Killed a five-headed hydra
 12994 | D:11     | Reached skill level 5 in Fighting
 13156 | D:11     | Noticed a rakshasa
 13322 | D:11     | Killed a rakshasa
 13694 | D:11     | Reached ***** piety under Vehumet
 13732 | D:11     | HP: 3/64 [killer bee (4)]
 13931 | D:11     | Gained mutation: You are partially covered in slimy green scales. (AC +2) [evolution]
 13997 | D:11     | Offered knowledge of Iskenderun's Battlesphere by Vehumet.
 14004 | D:11     | Learned a level 5 spell: Iskenderun's Battlesphere
 14163 | D:11     | Found a staircase to the Lair.
 14193 | Lair:1   | Entered Level 1 of the Lair of Beasts
 14211 | Lair:1   | Reached XP level 12. HP: 68/68 MP: 24/28
 14218 | Lair:1   | Reached skill level 5 in Charms
 14701 | Lair:1   | Noticed a four-headed hydra
 14705 | Lair:1   | Killed a four-headed hydra
 14705 | Lair:1   | Reached skill level 13 in Conjurations
 15065 | Lair:1   | Reached skill level 1 in Shields
 15389 | Lair:2   | Found a labyrinth entrance.
 15396 | Lab      | Entered a labyrinth
 15477 | Lab      | Identified the +3 rapier of Lopleluu {holy, Dex+7 Stlth+} (You found it in a labyrinth)
 15808 | Lab      | Noticed a minotaur
 15815 | Lab      | Killed a minotaur
 15823 | Lab      | Identified the Volume of Translocation
 15829 | Lab      | Identified the cursed +0 leather armour of Ututasomn {+Inv} (You found it in a labyrinth)
 16095 | Lair:2   | Found a hole to the Spider Nest.
 16251 | Lair:2   | Found a staircase to the Swamp.
 16381 | Lair:2   | Identified the +10 war axe "Nussiuss" {chop, Str+4} (You found it on level 2 of the Lair of Beasts)
 16450 | Lair:2   | Noticed an eight-headed hydra
 16453 | Lair:2   | Killed an eight-headed hydra
 17537 | Lair:3   | Gained mutation: You are frail. (-10% HP) [evolution]
 17714 | Lair:3   | Noticed a four-headed hydra
 17719 | Lair:3   | Killed a four-headed hydra
 17719 | Lair:3   | Reached XP level 13. HP: 66/66 MP: 26/30
 18218 | Lair:4   | Noticed Sonja
 18221 | Lair:4   | Killed Sonja
 18864 | Lair:5   | Offered knowledge of Ozocubu's Refrigeration by Vehumet.
 18970 | Lair:5   | Found a viscous altar of Jiyva.
 18971 | Lair:5   | Found a staircase to the Slime Pits.
 19014 | Lair:5   | Reached skill level 14 in Conjurations
 19876 | Lair:6   | Entered Level 6 of the Lair of Beasts
 20552 | Lair:6   | Offered knowledge of Lee's Rapid Deconstruction by Vehumet.
 20571 | Lair:6   | Gained mutation: You occasionally shout uncontrollably at your foes. [evolution]
 21442 | Lair:6   | Reached skill level 15 in Conjurations
 21445 | Lair:6   | Reached XP level 14. HP: 43/73 MP: 12/32
 21454 | Lair:6   | HP: 1/73 [fulminant prism[the player character] (24)]
 22021 | Lair:6   | Identified the +8 halberd of the End of Times {chop, rElec rC+} (You found it on level 6 of the Lair of Beasts)
 22410 | D:12     | Noticed Josephine
 22413 | D:12     | Killed Josephine
 23217 | Orc:1    | Entered Level 1 of the Orcish Mines
 23231 | Orc:1    | Noticed Snorg
 23381 | Orc:1    | Slain by Snorg

Skill      XL: |  1  2  3  4  5  6  7  8  9 10 11 12 13 14 |
---------------+-------------------------------------------+-----
Conjurations   | 2 3 4 5 6 7 8 9 10 11 12 13 15 | 15.5
Spellcasting   | 5 6 7 8 9 10 11 12 13 | 13.0
Fire Magic     | 2 4 5 |  5.0
Fighting       | 2 3 4 5 6 7 |  7.6
Dodging        | 4 6 7 8 |  8.0
Air Magic      | 3 5 7 8 9 |  9.2
Hexes          | 3 6 8 9 |  9.6
Armour         | 2 3 4 |  4.4
Charms         | 4 6 |  6.0
Shields        | 4 |  4.0
Stealth        | |  2.4
Summonings     | |  1.1
Translocations | |  1.1

Action                   |  1- 3 |  4- 6 |  7- 9 | 10-12 | 13-15 || total
-------------------------+-------+-------+-------+-------+-------++-------
Melee: Dagger            |     2 |    11 |       |       |       ||    13
       Falchion          |       |     2 |       |       |       ||     2
       Scimitar          |       |       |     1 |    14 |       ||    15
       Peck              |       |       |       |     2 |       ||     2
       Hand crossbow     |       |       |       |     1 |       ||     1
 Fire: Hand crossbow     |       |       |       |     7 |       ||     7
 Cast: Magic Dart        |    93 |   135 |   106 |   325 |   198 ||   857
       Conjure Flame     |     2 |     7 |     8 |    21 |       ||    38
       Blink             |       |     2 |     2 |       |     2 ||     6
       Mephitic Cloud    |       |     3 |     7 |    14 |     1 ||    25
       Flame Tongue      |       |    24 |   176 |   378 |    98 ||   676
       Airstrike         |       |       |     3 |    36 |    31 ||    70
       Static Discharge  |       |       |     1 |    10 |     2 ||    13
       Fulminant Prism   |       |       |       |    31 |    32 ||    63
       Iskenderun's Batt |       |       |       |    21 |    51 ||    72
Evoke: Wand              |       |       |     1 |     1 |       ||     2
  Use: Potion            |     1 |     6 |     1 |     4 |     2 ||    14
       Scroll            |       |     8 |     5 |    17 |     3 ||    33
 Stab: Confused          |       |       |       |     3 |       ||     3
  Eat: Chunk             |     2 |     9 |    10 |    27 |    16 ||    64
       Fruit             |       |       |     2 |     3 |     1 ||     6
Armor: Robe              |     3 |     7 |       |    12 |       ||    22
       Leather armour    |       |       |    22 |       |       ||    22
       Scale mail        |       |       |       |   125 |    70 ||   195
Dodge: Dodged            |    22 |    23 |    56 |    99 |    61 ||   261
Block: Buckler           |       |       |       |     7 |    31 ||    38
       Rpst.: Falchion   |       |     3 |       |       |       ||     3
       Scimitar          |       |       |    23 |       |       ||    23
